 Dungeon Crawl Stone Soup version 0.16-a0-3652-g8567522 (webtiles) character file.

310 dysrexia the Grappler (level 6, -2/51 HPs)
             Began as a Ghoul Monk on Jan 16, 2015.
             Slain by an orc warrior
             ... wielding a +0 scimitar
              (12 damage)
             ... on level 4 of the Dungeon.
             The game lasted 00:12:51 (2698 turns).

dysrexia the Grappler (Ghoul Monk)                  Turns: 2698, Time: 00:12:51

Health: -2/51      AC:  7    Str: 15    XL:     6   Next: 41%
Magic:  5/5        EV: 10    Int:  5    God:
Gold:   216        SH:  0    Dex: 13    Spells: 0 memorised, 5 levels left

rFire  . . .     SeeInvis .       - Unarmed
rCold  + . .     Clarity  .     y - +0 scale mail
rNeg   + + +     SustAb   .     (no shield)
rPois  ∞         Gourm    .     (no helmet)
rElec  .         Spirit   .     (no cloak)
rCorr  .         Warding  .     p - +0 pair of gloves
rMut   .         Stasis   .     (no boots)
MR     .....                    (no amulet)
Stlth  +.........               (no ring)
                                (no ring)

@: rotting, not resistant to hostile enchantments, very unstealthy
A: rotting body, claws 1, carnivore 3, cold resistance 1, negative energy
resistance 3, poison resistance, slow healing 1, torment resistance, unbreathing
a: no special abilities


You were on level 4 of the Dungeon.
You were not hungry.

You visited 1 branch of the dungeon, and saw 5 of its levels.

You collected 216 gold pieces.

Inventory:

Missiles
 c - 14 stones (quivered)
Armour
 a - a +0 robe
 p - a +0 pair of gloves (worn)
 y - a +0 scale mail (worn)
Scrolls
 e - 5 scrolls of identify {unknown}
 f - 2 scrolls of amnesia {unknown}
 k - a scroll of fog {unknown}
 m - a scroll of enchant armour {unknown}
 o - 2 scrolls of enchant weapon {unknown}
 q - 3 scrolls of teleportation {unknown}
 r - a scroll of noise {unknown}
 w - a scroll of fear {unknown}
Potions
 b - a potion of curing
 d - 2 potions of agility {unknown}
 h - 2 potions of restore abilities
 i - a potion of invisibility {unknown}
 j - a potion of ambrosia {unknown}
 l - a potion of brilliance {unknown}
 s - a potion of might {unknown}
 z - a potion of poison {unknown}
 A - a potion of lignification {unknown}
Books
 x - a book of Burglary

   Spells                             Type                      Level
   a - Swiftness                      Charms/Air                   2
   b - Passwall                       Transmutation/Earth          3
   c - Passage of Golubria            Translocation                4
   d - Lee's Rapid Deconstruction     Earth                        5
   e - Invisibility                   Hexes                        6
   f - Darkness                       Hexes                        7
Comestibles
 g - a beef jerky
 n - 2 chunks of flesh
 t - a meat ration
 u - a royal jelly
 v - a slice of pizza


   Skills:
 - Level 3.2 Fighting
 - Level 2.6 Dodging
 - Level 2.1 Stealth
 + Level 8.2 Unarmed Combat


You had 5 spell levels left.
You didn't know any spells.

Dungeon Overview and Level Annotations

Branches:
Dungeon (5/15)
 Temple: D:4-7

Altars:

Annotations:
D:3 Grinder, Sigmund
D:4 exclusion: ogre


Innate Abilities, Weirdness & Mutations

Your body is rotting away.
You thrive on raw meat.
You have sharp fingernails.
You are carnivorous and can eat meat at any time.
Your flesh is cold resistant.
You are immune to negative energy.
Your system is resistant to poisons.
You heal slowly when monsters are visible.
You are immune to unholy pain and torment.
You can survive without breathing.


Message History

Some of the chunks of flesh in your inventory have rotted away.
Press: ? - help, v - describe, . - travel
Here: an orc warrior, wielding a scimitar and wearing a chain mail (heavily wounded)
The floor.
It was a potion of restore abilities.
You feel refreshed.
The orc warrior hits you with a scimitar.
* * * LOW HITPOINT WARNING * * *
Drink which item? (? for menu, Esc to quit)
It was a potion of curing.
You feel better.
The orc warrior hits you but does no damage.
You hit the orc warrior.
The orc warrior is heavily wounded.
You barely miss the orc warrior.
The orc warrior is heavily wounded.
The orc warrior hits you with a scimitar!
* * * LOW HITPOINT WARNING * * *
You hit the orc warrior but do no damage.
The orc warrior is heavily wounded.
The orc warrior hits you with a scimitar!
You die...

##.#####..##....## #..
#.........(..#### ####.#
##.....#......# ###....#
###.#...####># #####)).#### #
#.#..[# #.# #....÷### #
###.#.#.## #.####.##### ##
##.....#..# #......# ##
.####..#.####.#####..### #.
......##.####...@o.....#########.
.................................
.#######.#########...#...#######.
.# #.## ###.#..##.######.. ##
#.)# #...##.##........# # ###
##.######.####..###...####
###.#####.#................#.....
##...#......#...######.....#####.
#(.....##.##..### #####.# #.


You could see an orc warrior.

Vanquished Creatures
  2 hounds (D:4)
  2 worker ants (D:4)
  Ijyb (D:3)
  Robin (D:4)
  9 adders
  An adder skeleton (D:4)
  4 giant geckos
  2 orcs
  12 bats
  A giant cockroach (D:1)
  14 goblins
  18 hobgoblins
  A jackal (D:4)
  A quokka (D:2)
  2 ball pythons
  A giant newt (D:3)
  9 kobolds
  A quokka skeleton (D:4)
  8 rats
90 creatures vanquished.

Notes
Turn   | Place    | Note
--------------------------------------------------------------
     0 | D:1      | dysrexia, the Ghoul Monk, began the quest for the Orb.
     0 | D:1      | Reached XP level 1. HP: 19/19 MP: 1/1
   132 | D:1      | Reached XP level 2. HP: 26/26 MP: 2/2
   284 | D:1      | Reached skill level 5 in Unarmed Combat
   740 | D:2      | Reached XP level 3. HP: 17/31 MP: 3/3
  1153 | D:2      | Reached skill level 6 in Unarmed Combat
  1153 | D:2      | Reached XP level 4. HP: 28/38 MP: 3/3
  1479 | D:3      | Noticed Ijyb
  1494 | D:3      | Killed Ijyb
  1583 | D:3      | Noticed Grinder
  1596 | D:3      | Noticed Sigmund
  2079 | D:4      | Noticed Robin
  2097 | D:4      | Killed Robin
  2097 | D:4      | Reached XP level 5. HP: 24/45 MP: 4/4
  2172 | D:4      | Reached skill level 7 in Unarmed Combat
  2329 | D:4      | Reached XP level 6. HP: 51/51 MP: 5/5
  2375 | D:4      | Noticed an ogre
  2414 | D:4      | Reached skill level 8 in Unarmed Combat
  2635 | D:5      | Entered Level 5 of the Dungeon
  2698 | D:4      | Slain by an orc warrior

Action                   |  1- 3 |  4- 6 || total
-------------------------+-------+-------++-------
Melee: Unarmed           |   112 |   198 ||   310
Throw: Stone             |     7 |       ||     7
  Use: Potion            |       |     2 ||     2
 Stab: Sleeping          |     2 |       ||     2
  Eat: Chunk             |     8 |    22 ||    30
